AoeStats
← LickyLick

Black Forest

503880558Analyzed
2v2 RM · 29d ago on Sep 2, 2026· 31m 1s· 4 players
Game mode
Random Map
Map size
Medium (4 player)
Population
200
Speed
Normal
Resources
Standard
Victory
Conquest
Starting age
Dark Age
Ending age
Imperial Age
RankedLock teamsTeams togetherTeam positionsShared explorationLock speedFull tech treeHidden civsTurbo modeCheats
Victory
Defeat
🇧🇪 Britons · Belgium
586
+10
🇧🇪 Gurjaras · Belgium
547
+12
🇪🇸 Chinese · Spain
495
-13
🇪🇸 Franks · Spain
401
-9
dr7659970
14:13 Feudal Age
15:25 Double-Bit Axe
15:23 Horse Collar
25:03 Castle Age
28:04 Husbandry
29:40 Elite Skirmisher
jayNieve
4:10 Loom
14:57 Feudal Age
15:27 Double-Bit Axe
16:38 Wheelbarrow
31:02 Scale Mail Armor
31:03 Padded Archer Armor
Ryper055
3:39 Loom
12:10 Feudal Age
12:38 Double-Bit Axe
13:50 Wheelbarrow
16:14 Horse Collar
20:52 Gold Mining
26:02 Castle Age
26:15 Scale Mail Armor
26:26 Forging
26:12 Arson
26:27 Stone Mining
26:53 Bow Saw
26:48 Heavy Plow
26:26 Man-at-Arms
28:53 Chain Mail Armor
29:48 Gold Shaft Mining
30:42 Iron Casting
29:30 Long Swordsman
LickyLick
1:58 Loom
11:19 Feudal Age
11:56 Double-Bit Axe
11:53 Horse Collar
13:19 Gold Mining
16:40 Wheelbarrow
18:34 Town Watch
18:48 Fletching
18:59 Padded Archer Armor
19:27 Stone Mining
26:33 Castle Age
24:52 Forging
24:43 Scale Mail Armor
28:05 Crossbowman
28:59 Husbandry
29:13 Bodkin Arrow
29:34 Leather Archer Armor
31:54 Ballistics
Connection lost

Rejoining the realm…

Still unreachable

The connection could not be restored.

Session expired

The server has moved on; the page needs a fresh start.